 Dungeon Crawl Stone Soup version 0.23.0 (webtiles) character file.

Game seed: 13395536500322054805

445 Ivernyr the Conjurer (level 7, -1/55 HPs)
             Began as a Naga Wizard on Feb 18, 2019.
             Slain by Prince Ribbit (17 damage)
             ... on level 5 of the Dungeon.
             The game lasted 00:23:18 (5806 turns).

Ivernyr the Conjurer (Naga Wizard)                  Turns: 5806, Time: 00:23:19

Health: -1/55      AC:  3    Str: 10    XL:     7   Next: 3%
Magic:  7/13       EV: 10    Int: 20    God:
Gold:   253        SH:  0    Dex:  9    Spells: 6/15 levels left

rFire    . . .     SeeInvis +   e - +2 whip (venom)
rCold    . . .     Gourm    .   (no shield)
rNeg     . . .     Faith    .   a - +0 robe
rPois    +         Spirit   .   b - +0 hat
rElec    .         Reflect  .   (no cloak)
rCorr    .         Harm     .   (no gloves)
MR       .....                  (no barding)
Stlth    ++........             (no amulet)
HPRegen  0.18/turn              (no ring)
MPRegen  0.13/turn              (no ring)

@: very slow
A: large, see invisible, deformed body, poison resistance, slowness 2, slow
metabolism 1, spit poison 1, AC +2
a: Spit Poison


You were on level 5 of the Dungeon.
You were very hungry.

You visited 1 branch of the dungeon, and saw 5 of its levels.

You collected 253 gold pieces.

Inventory:

Hand Weapons
 e - a +2 whip of venom (weapon)
Armour
 a - a +0 robe (worn)
 b - a +0 hat (worn)
Magical Staves
 p - an uncursed staff of wizardry
Scrolls
 c - 2 scrolls of enchant weapon {unknown}
 f - a scroll of amnesia {unknown}
 g - 5 scrolls of teleportation {unknown}
 h - 5 scrolls of identify {unknown}
 j - 2 scrolls of fog {unknown}
 k - a scroll of blinking {unknown}
 l - 2 scrolls of remove curse {unknown}
 m - 2 scrolls of magic mapping {unknown}
 q - a scroll of enchant armour {unknown}
 r - 3 scrolls of fear {unknown}
Potions
 i - 4 potions of curing {unknown}
 n - 3 potions of mutation {unknown}
 o - a potion of might {unknown}
 s - 2 potions of agility
Comestibles
 d - 6 rations


   Skills:
 + Level 3.3 Dodging
 - Level 3.0 Stealth
 + Level 4.5 Spellcasting
 * Level 4.6 Conjurations
   Level 1.0 Summonings
 - Level 1.0 Translocations


You had 6 spell levels left.
You knew the following spells:

 Your Spells              Type           Power        Failure   Level  Hunger
a - Magic Dart            Conj           ###.         1%          1    None
b - Blink                 Tloc           N/A          12%         2    #......
c - Conjure Flame         Conj/Fire      ##......     14%         3    ##.....
d - Mephitic Cloud        Conj/Pois/Air  ##......     19%         3    ##.....

Your spell library contained the following spells:

 Spells                   Type           Power        Failure   Level  Hunger
 Call Imp                 Summ           #.......     12%         2    #......
 Slow                     Hex            #.......     19%         2    #......


Dungeon Overview and Level Annotations

Branches:
Dungeon (5/15)
 Temple: D:4-7

Altars:
Fedhas

Shops:
D:5 :

Annotations:
D:4 3 runed translucent doors, Enish's ghost, novice MiBe; Grim's ghost, amateur TeAE; endorz's ghost, amateur TrFi; wont's ghost, amateur DDWr
D:5 Prince Ribbit


Innate Abilities, Weirdness & Mutations

You cannot wear boots.
Your serpentine skin is tough. (AC +2)
You have supernaturally acute eyesight. (SInv)
Armour fits poorly on your strangely shaped body.
Your system is resistant to poisons. (rPois)
You cover ground very slowly.
You have a slow metabolism.
You can spit poison.


Message History

Prince Ribbit looks as sick as possible!
Prince Ribbit is heavily wounded.
You have got your breath back.
Prince Ribbit hits you!
The centaur shoots an arrow.
The arrow barely misses you.
The arrow hits Prince Ribbit.
Prince Ribbit hits you.
* * * LOW HITPOINT WARNING * * *
Casting: Mephitic Cloud (safe; 19% risk of failure)
Confirm with . or Enter, or press ? or * to list all spells.
Aiming: Mephitic Cloud (safe; 19% risk of failure)
Press: ? - help, Shift-Dir - straight line, f - you, p - Prince Ribbit The ball explodes into a vile cloud!
The stinking cloud engulfs you but does no damage.
The stinking cloud engulfs Prince Ribbit but does no damage.
Prince Ribbit is almost dead.
The stinking cloud engulfs the centaur but does no damage.
You hear an angry hiss.
Prince Ribbit is engulfed in noxious fumes.
Prince Ribbit appears confused.
Prince Ribbit hits you!
You die...

.#.#.#.#.#.#.#.#.#.#.#.
#.#.#.#.#.#.#.#.#.#.#.#.
#.#)#.#.#.#.#.#.#.#.#.#
.#.#.#.#.#.#.#.#.#.#.#.#
.# .#.#.#.#.#.#.#.#.#.
#.#.#.#.#.#.#.#.
#.#.#.#.#.#.#.#.
#.#.#.#.#.#c#.#.
#.#.#.#.#.#@#.#.
#.#.#.#.#.#F#☼#.
.#.#.#.#.#$# #.#
.#.#.#.#.# #(# .#.#.#.#
#.# .....# #.# .... #.#
.. #.


You could see Prince Ribbit (confused) and a centaur.

Vanquished Creatures
  A hound (D:4)
  2 orc priests
  Crazy Yiuf (D:2)
  A bullfrog skeleton (D:5)
  Natasha (twice) (D:2)
  Terence (D:2)
  2 orc wizards (D:4)
  A howler monkey zombie (D:5)
  5 adders
  An adder skeleton (D:5)
  4 worms
  3 dart slugs
  3 leopard geckos
  12 orcs
  6 giant cockroaches
  10 goblins
  7 hobgoblins
  4 jackals (D:5)
  3 kobolds
  2 quokkas
  2 ball pythons
  9 bats
  3 frilled lizards
  9 rats
94 creatures vanquished.

Notes
Turn   | Place    | Note
-------+----------+-------------------------------------------
     0 | D:1      | Ivernyr the Naga Wizard began the quest for the Orb.
     0 | D:1      | Reached XP level 1. HP: 15/15 MP: 4/4
     1 | D:1      | Noticed a minotaur zombie
    10 | D:1      | Noticed a merfolk zombie
    14 | D:1      | Noticed a merfolk zombie
   327 | D:1      | Reached XP level 2. HP: 22/22 MP: 4/6
   331 | D:1      | Learned a level 2 spell: Blink
  1120 | D:1      | Reached XP level 3. HP: 28/28 MP: 8/8
  1126 | D:1      | Learned a level 3 spell: Conjure Flame
  1130 | D:1      | Learned a level 3 spell: Mephitic Cloud
  2026 | D:2      | Found a runed translucent door.
  2027 | D:2      | Noticed Crazy Yiuf
  2040 | D:2      | Killed Crazy Yiuf
  2040 | D:2      | Reached XP level 4. HP: 36/36 MP: 1/9
  2078 | D:2      | Noticed Natasha
  2088 | D:2      | Killed Natasha
  2217 | D:2      | Noticed Natasha
  2258 | D:2      | Killed Natasha
  2258 | D:2      | Reached XP level 5. HP: 24/42 MP: 2/10
  2791 | D:2      | Noticed Terence
  2804 | D:2      | Killed Terence
  3103 | D:3      | Found a blossoming altar of Fedhas.
  3938 | D:4      | Reached XP level 6. HP: 26/49 MP: 8/12
  4884 | D:4      | Found a runed translucent gate.
  4884 | D:4      | Found a runed translucent gate.
  4884 | D:4      | Found a runed translucent gate.
  4885 | D:4      | Noticed endorz's ghost (amateur TrFi)
  4886 | D:4      | Noticed wont's ghost (amateur DDWr)
  4886 | D:4      | Noticed Enish's ghost (novice MiBe)
  4886 | D:4      | Noticed Grim's ghost (amateur TeAE)
  5218 | D:5      | Entered Level 5 of the Dungeon
  5525 | D:5      | Reached XP level 7. HP: 23/55 MP: 10/13
  5711 | D:5      | Found Denil's Book Boutique.
  5798 | D:5      | Noticed Prince Ribbit
  5806 | D:5      | Slain by Prince Ribbit

Skill      XL: |  1  2  3  4  5  6 |
---------------+-------------------+-----
Dodging        | 2 3 |  3.3
Conjurations   | 2 3 4 |  4.6
Spellcasting   | 4 |  4.5
Stealth        | |  3.0
Summonings     | |  1.0
Translocations | |  1.0

Action                   |  1- 3 |  4- 6 |  7- 9 || total
-------------------------+-------+-------+-------++-------
Melee: Unarmed           |    44 |       |       ||    44
       Whip              |    16 |    90 |     4 ||   110
 Cast: Magic Dart        |    27 |    83 |     4 ||   114
       Mephitic Cloud    |     1 |     2 |     2 ||     5
       Conjure Flame     |     1 |     2 |       ||     3
       Blink             |     1 |       |       ||     1
 Abil: Spit Poison       |    23 |    49 |     2 ||    74
 Stab: Sleeping          |     1 |     1 |       ||     2
       Confused          |       |     1 |       ||     1
  Eat: Chunk             |     2 |    10 |       ||    12
       Ration            |       |     1 |       ||     1
Armor: Robe              |    12 |    26 |       ||    38
Dodge: Dodged            |    49 |    67 |     4 ||   120
